 Dungeon Crawl Stone Soup version 0.22-a0-284-g99d1f74 (webtiles) character file.

2604 Amnesiac the Prestidigitator (level 9, -2/46 HPs)
             Began as a Spriggan Fighter on Mar 21, 2018.
             Was a Believer of Ru.
             Slain by an orc wizard
             ... wielding a +0 dagger
              (5 damage)
             ... on level 6 of the Dungeon.
             The game lasted 00:12:33 (5207 turns).

Amnesiac the Prestidigitator (Spriggan Fighter)     Turns: 5207, Time: 00:12:34

Health: -2/46      AC:  4    Str: 15    XL:     9   Next: 33%
Magic:  16/16      EV: 24    Int: 10    God:    Ru [**....]
Gold:   269        SH:  0    Dex: 15    Spells: 6/8 levels left

rFire    . . .     SeeInvis +   a - +2 falchion (holy)
rCold    . . .     Gourm    .   (shield unavailable)
rNeg     . . .     Faith    .   n - +0 robe
rPois    .         Spirit   .   h - +2 hat {SInv}
rElec    .         Reflect  .   (no cloak)
rCorr    .         Harm     .   (gloves unavailable)
MR       +....                  (boots unavailable)
Stlth    +.........             (no amulet)
HPRegen  0.15/turn              (ring unavailable)
MPRegen  0.15/turn              (no ring)

@: very quick
A: very small, unfitting armour, see invisible, herbivore, speed 3, slow
metabolism 2, missing a hand
a: Renounce Religion


You were on level 6 of the Dungeon.
You worshipped Ru.
Ru was pleased with you.
You were not hungry.

You visited 2 branches of the dungeon, and saw 7 of its levels.

You collected 269 gold pieces.

Inventory:

Hand Weapons
 a - a +2 falchion of holy wrath (weapon)
 b - a +0 hunting sling
 g - a +1 long sword
Missiles
 m - 57 poisoned needles
 o - 110 stones (quivered)
 w - 66 sling bullets
Armour
 h - a +2 hat of see invisible (worn)
 n - a +0 robe (worn)
Jewellery
 c - an uncursed ring of protection from fire {unknown}
Wands
 j - a wand of digging (6)
Scrolls
 e - a scroll of magic mapping {!r}
 i - 3 scrolls of enchant weapon {!r}
 k - 2 scrolls of fear {!r}
 l - 3 scrolls of identify {!r}
 p - 2 scrolls of blinking {!r}
 q - a scroll of random uselessness {!r}
 r - a scroll of teleportation {!r, unknown}
 t - 2 scrolls of amnesia {!r}
 x - a scroll of immolation {!r}
Potions
 d - a potion of might {!q}
 z - a potion of resistance {!q}
Comestibles
 f - 14 rations


   Skills:
 + Level 4.8 Fighting
 * Level 6.2 Long Blades
 + Level 8.6 Dodging
   Level 0.0 Shields
 + Level 8.6 Evocations


You had 6 spell levels left.
You knew the following spells:

 Your Spells              Type           Power        Failure   Level  Hunger
a - Call Imp              Summ           #.......     50%         2    ###....


Dungeon Overview and Level Annotations

Branches:
Dungeon (6/15)             Temple (1/1) D:4

Altars:
Ashenzari
Cheibriados
Dithmenos
Fedhas
Gozag
Hepliaklqana
Kikubaaqudgha
Makhleb
Qazlal
Ru
Sif Muna
Uskayaw
Vehumet
Wu Jian
Yredelemnul
The Shining One


Innate Abilities, Weirdness & Mutations

You are very small and have problems with some larger weapons.
You are too small for most types of armour.
You have supernaturally acute eyesight. (SInv)
You are a herbivore.
You cover ground extremely quickly.
You need to consume almost no food.
You are missing a hand.


Message History

Aiming: Iceblast
Press: ? - help, Shift-Dir - straight line, f - Blork the orc
Aim: Blork the orc, wielding a mace and wearing a robe (lightly wounded, fast, slightly transparent)
The mass of ice explodes!
The iceblast engulfs Blork the orc.
Blork the orc is severely wounded.
The iceblast engulfs the orc wizard.
The orc wizard is heavily wounded.
The iceblast engulfs the orc.
You kill the orc!
The now-empty wand crumbles to dust.
The orc wizard points at you and mumbles some strange words.
The magic dart hits Blork the orc.
Blork the orc points at you and mumbles some strange words.
The magic dart hits you!
* * * LOW HITPOINT WARNING * * *
The orc throws a tomahawk.
The tomahawk completely misses you.
You barely miss Blork the orc.
Blork the orc is almost dead.
Blork the orc begins to cast a spell, but is stunned by your will!
The crimson imp blinks!
The orc throws a tomahawk.
The tomahawk barely misses you.
You closely miss Blork the orc.
Blork the orc is almost dead.
Blork the orc hits you with a mace!
* * * LOW HITPOINT WARNING * * *
Really quaff
v - 2 potions of heal wounds {!q}?
You feel much better.
You slash the orc!
You kill the orc!
The orc wizard hits you with a dagger.
* * * LOW HITPOINT WARNING * * *
Blork the orc frowns.
Blork the orc hits you with a mace.
* * * LOW HITPOINT WARNING * * *
The orc wizard casts a spell at you. The magic dart hits you!
* * * LOW HITPOINT WARNING * * *
Blork the orc completely misses you.
You riposte.
You hit Blork the orc.
You kill Blork the orc!
Really quaff
v - a potion of heal wounds {!q}?
You feel much better. The orc wizard casts a spell at you.
The puff of flame hits you!
* * * LOW HITPOINT WARNING * * *
You hit the orc wizard.
The orc wizard is heavily wounded.
The orc wizard points at you and mumbles some strange words.
The magic dart hits you!
* * * LOW HITPOINT WARNING * * *
The orc wizard begins to cast a spell, but is stunned by your will!
You hit the orc wizard.
The orc wizard is severely wounded.
The orc wizard hits you but does no damage.
You closely miss the orc wizard.
The orc wizard is severely wounded.
The orc wizard casts a spell at you. The magic dart hits you!
* * * LOW HITPOINT WARNING * * *
The orc wizard closely misses you.
Okay, then.
You hit the orc wizard.
The orc wizard is almost dead.
The orc wizard hits you with a dagger.
You die...

#. #...###
#........#
#..#..... ...$...
#....# # #...)#
#.#.#5# #.#.#o#
#...)@# ###.#)#
###.#.# #.....#
##.....#######
####.#.........).
#...###...####
####.#......#
#.......###.#


You could see an orc wizard and a crimson imp.

Vanquished Creatures
  Pikel (D:4)
  Sigmund (D:2)
  5 yaks (D:6)
  A sky beast (D:5)
  An orc warrior (D:6)
  2 ogres
  2 centaurs (D:5)
  Blork the orc (D:6)
  A bullfrog (D:6)
  A scorpion (D:5)
  2 crimson imps
  A centaur skeleton (D:4)
  An orc priest (D:3)
  A bullfrog skeleton (D:6)
  A hound (D:4)
  An orc wizard (D:5)
  An iguana (D:6)
  Natasha (thrice) (D:2)
  4 worker ants
  A killer bee zombie (D:6)
  3 gnolls (D:4)
  4 adders
  2 oozes
  An adder skeleton (D:4)
  A worm (D:3)
  4 dart slugs
  5 leopard geckos
  16 orcs
  5 giant cockroaches
  4 goblins
  3 hobgoblins
  6 jackals
  3 quokkas
  A ball python (D:5)
  4 bats
  3 frilled lizards
  5 kobolds
  A quokka skeleton (D:4)
  2 rats (D:3)
105 creatures vanquished.

Vanquished Creatures (collateral kills)
  An adder (D:3)
1 creature vanquished.

Vanquished Creatures (others)
  A slave (D:4)
  An orc wizard (D:5)
  A worker ant (D:4)
3 creatures vanquished.

Grand Total: 109 creatures vanquished

Notes
Turn   | Place    | Note
-------+----------+-------------------------------------------
     0 | D:1      | Amnesiac the Spriggan Fighter began the quest for the Orb.
     0 | D:1      | Reached XP level 1. HP: 11/11 MP: 2/2
   196 | D:3      | Noticed an orc priest
   251 | D:1      | Reached XP level 2. HP: 16/16 MP: 3/3
   508 | D:4      | Reached XP level 3. HP: 16/19 MP: 4/4
   542 | D:4      | Learned a level 2 spell: Call Imp
   605 | D:4      | Found a burning altar of Makhleb.
   612 | D:4      | Noticed a slave
   614 | D:4      | Noticed Pikel
   614 | D:4      | Noticed a slave
   615 | D:4      | Noticed a slave
   769 | D:3      | Reached skill level 5 in Dodging
   831 | D:4      | Noticed an ogre
   865 | D:5      | Entered Level 5 of the Dungeon
   926 | D:5      | Reached XP level 4. HP: 22/23 MP: 5/5
  1277 | D:5      | Found a radiant altar of Vehumet.
  1353 | D:5      | Noticed a centaur
  1360 | D:5      | Noticed a centaur
  1485 | D:4      | Found a staircase to the Ecumenical Temple.
  1495 | Temple   | Entered the Ecumenical Temple
  1570 | Temple   | Became a worshipper of Ru the Awakened
  1643 | D:4      | Noticed a slave
  1834 | D:2      | Noticed Natasha
  1850 | D:2      | Killed Natasha
  1850 | D:2      | Reached skill level 1 in Evocations
  1919 | D:1      | Reached XP level 5. HP: 28/28 MP: 7/7
  2436 | D:2      | Noticed Natasha
  2447 | D:2      | Killed Natasha
  2577 | D:2      | Noticed Sigmund
  2598 | D:2      | Killed Sigmund
  2598 | D:2      | Reached skill level 5 in Evocations
  2598 | D:2      | Reached XP level 6. HP: 32/32 MP: 8/11
  2687 | D:2      | Noticed Natasha
  2688 | D:2      | Killed Natasha
  2689 | D:2      | Found a deep blue altar of Sif Muna.
  3171 | D:4      | Killed Pikel
  3171 | D:4      | Reached XP level 7. HP: 29/36 MP: 11/13
  3661 | D:4      | Reached XP level 8. HP: 41/41 MP: 14/14
  3979 | D:5      | Found a hazy altar of Hepliaklqana.
  3998 | D:5      | Gained mutation: You are missing a hand. [Ru sacrifice]
  3998 | D:5      | Reached * piety under Ru
  3998 | D:5      | Reached ** piety under Ru
  4055 | D:5      | Found a shattered altar of Ashenzari.
  4631 | D:6      | Reached skill level 5 in Long Blades
  4646 | D:6      | Found an opulent altar of Gozag.
  4898 | D:6      | Reached XP level 9. HP: 20/46 MP: 14/16
  5189 | D:6      | Noticed Blork the orc
  5202 | D:6      | Killed Blork the orc
  5207 | D:6      | Slain by an orc wizard

Vault maps used:
D:1:      scummos_arrival_star
D:2:      old_standard_altar, serial_corexii_hall, corexii_hall_statues_t,
          corexii_hall_statues_t, uniq_sigmund, uniq_natasha
D:4:      old_standard_altar, minmay_temple_entry_poolview, uniq_pikel
D:5:      vehumet_crystals, nicolae_overflow_crystal_walls,
          overflow_temple_1_default, first_ration
D:6:      lemuel_ratsnest, grunt_gozag_statues, basic_altar,
          uniq_crazy_yiuf_cottage, uniq_blork_the_orc
Temple:   cyrus_temple_forest

Skill      XL: |  1  2  3  4  5  6  7  8  9 |
---------------+----------------------------+-----
Long Blades    | 2 3 4 5 6 |  6.2
Dodging        | 5 6 8 |  8.6
Evocations     | 2 5 6 7 8 |  8.6
Fighting       | 3 4 |  4.8
Shields        | 3 0 |  0.0

Action                   |  1- 3 |  4- 6 |  7- 9 || total
-------------------------+-------+-------+-------++-------
Melee: Long sword        |    54 |       |       ||    54
       Falchion          |     6 |   126 |   175 ||   307
 Fire: Hunting sling     |       |    30 |       ||    30
 Cast: Call Imp          |     1 |     1 |       ||     2
Invok: Sacrifice a Hand  |       |       |     1 ||     1
Evoke: Wand              |       |     5 |    14 ||    19
  Use: Scroll            |     4 |       |     9 ||    13
       Potion            |     2 |       |     4 ||     6
 Stab: Sleeping          |     1 |     2 |       ||     3
       Distracted        |       |     1 |       ||     1
       Invisible         |       |       |     3 ||     3
  Eat: Ration            |       |     1 |     1 ||     2
Armor: Robe              |     8 |    10 |    10 ||    28
Dodge: Dodged            |    69 |   110 |   146 ||   325
Block: Buckler           |    18 |    47 |    15 ||    80
       Rpst.: Long sword |    20 |       |       ||    20
       Falchion          |       |    33 |    34 ||    67

Table legend:
 A = Spawn XP
 B = Non-spawn XP
 C = Spawn XP percentage of total XP
 D = Spawn monster count
 E = Non-spawn monster count
 F = Spawn count percentage of total count
 G = Total turns spent on level
                    A         B        C        D         E        F      G
               +---------+---------+-------+---------+---------+-------+---------
         Total |       0 |    3720 |   0.0 |       0 |     107 |   0.0 |  5207
               +---------+---------+-------+---------+---------+-------+---------
           D:1 |       0 |      40 |   0.0 |       0 |      18 |   0.0 |   656
           D:2 |       0 |     355 |   0.0 |       0 |      10 |   0.0 |   602
           D:3 |       0 |     101 |   0.0 |       0 |      20 |   0.0 |   648
           D:4 |       0 |     963 |   0.0 |       0 |      20 |   0.0 |  1256
           D:5 |       0 |     631 |   0.0 |       0 |      18 |   0.0 |  1441
           D:6 |       0 |    1630 |   0.0 |       0 |      21 |   0.0 |   506
               +---------+---------+-------+---------+---------+-------+---------
